Map: [ESL] Ancient Cistern

Players

Krystianer

  • Race: Protoss Protoss
  • Spawn Location: 7:00

ShoWTimE - Winner!

  • Race: Protoss Protoss
  • Spawn Location: 1:00

Event: ESL SC2 Masters 2023 Summer (Finals)

VOD

Have the link to the VOD?

Description

Time

  • Played on: June 16, 2023, 10:11 a.m.
  • Length: 8:57

All games in this series

Show
View Real Time Build Order
Export as new Build Order

Krystianer Protoss 

Build Orders:  

Get SALT Encoding   

  12  0:00  Probe  
  13  0:12  Probe  
  14  0:16  Pylon  
  14  0:24  Probe (Chrono Boost)  
  16  0:36  Probe (Chrono Boost)  
  16  0:37  Gateway  
  16  0:41  Probe (Chrono Boost)  
  17  0:45  Assimilator  
  17  0:51  Probe  
  17  0:53  Assimilator  
  18  1:03  Probe (Chrono Boost)  
  19  1:07  Gateway  
  19  1:12  Probe (Chrono Boost)  
  19  1:17  Probe (Chrono Boost)  
  21  1:28  Cybernetics Core  
  21  1:30  Probe  
  22  1:39  Pylon  
  22  1:42  Probe  
  23  1:57  Probe  
  24  2:02  Warp Gate (Chrono Boost)  
  24  2:04  Adept x2  
  24  2:08  Shield Battery  
  28  2:12  Probe  
  29  2:18  Pylon  
  29  2:24  Probe  
  30  2:36  Sentry x2  
  33  2:45  Nexus  
  31  3:02  Twilight Council, Stalker  
  34  3:05  Probe  
  34  3:12  Shield Battery  
  34  3:18  Probe (Chrono Boost)  
  35  3:21  Stalker  
  37  3:30  Probe (Chrono Boost)  
  37  3:31  Pylon  
  38  3:38  Probe (Chrono Boost)  
  39  3:44  Probe  
  35  3:52  Stalker  
  35  3:57  Probe (Chrono Boost)  
  35  3:59  Probe (Chrono Boost)  
  35  4:02  Stalker  
  35  4:09  Probe (Chrono Boost)  
  39  4:13  Probe (Chrono Boost)  
  39  4:14  Probe (Chrono Boost)  
  39  4:16  Stalker  
  42  4:21  Probe (Chrono Boost)  
  42  4:23  Probe (Chrono Boost)  
  44  4:26  Stalker  
  44  4:29  Blink (Chrono Boost)  
  42  4:39  Probe x2 (Chrono Boost)  
  42  4:44  Probe (Chrono Boost)  
  42  4:45  Probe  
  43  4:56  Stalker x2  
  43  4:58  Probe (Chrono Boost)  
  43  4:59  Probe (Chrono Boost)  
  47  5:10  Probe (Chrono Boost)  
  49  5:15  Probe (Chrono Boost)  
  49  5:17  Probe (Chrono Boost)  
  49  5:19  Stalker x2  
  54  5:21  Probe  
  54  5:25  Probe  
  56  5:33  Probe, Pylon  
  57  5:37  Probe  
  57  5:42  Stalker x2  
  62  5:51  Probe  
  62  5:57  Pylon  
  64  6:01  Nexus  
  64  6:03  Probe  
  64  6:06  Stalker  
  64  6:07  Stalker  
  64  6:09  Probe  
  69  6:20  Probe  
  69  6:21  Probe  
  71  6:32  Pylon  
  70  6:34  Robotics Facility, Stalker x2  
  70  6:35  Probe (Chrono Boost)  
  70  6:36  Probe (Chrono Boost)  
  76  6:46  Probe (Chrono Boost)  
  78  6:49  Probe (Chrono Boost)  
  78  6:51  Probe (Chrono Boost)  
  77  6:57  Probe  
  72  7:01  Probe  
  72  7:09  Probe (Chrono Boost)  
  72  7:10  Stalker x2  
  72  7:13  Probe (Chrono Boost), Shield Battery  
  76  7:21  Probe (Chrono Boost)  
  78  7:23  Probe (Chrono Boost)  
  78  7:25  Probe (Chrono Boost)  
  78  7:28  Probe (Chrono Boost)  
  78  7:29  Probe (Chrono Boost)  
  79  7:30  Probe (Chrono Boost)  
  79  7:35  Immortal (Chrono Boost)  
  79  7:36  Probe  
  83  7:40  Probe  
  83  7:41  Probe, Stalker x2  
  89  7:44  Assimilator  
  89  7:46  Pylon  
  89  7:48  Probe  
  90  7:52  Probe, Shield Battery  
  92  7:58  Pylon  
  92  7:59  Shield Battery  
  92  8:00  Probe  
  92  8:04  Probe, Gateway  
  93  8:07  Gateway  
  93  8:11  Probe  
  94  8:17  Forge  
  98  8:22  Stalker x2  
  98  8:25  Probe  
  101  8:33  Pylon  
  85  8:42  Probe  
  85  8:46  Stalker x2  
  89  8:52  Gateway  
  89  8:55  Gateway  
Show
View Real Time Build Order
Export as new Build Order

ShoWTimE Protoss - Winner!

Build Orders: Oracle Opening 

Get SALT Encoding   

  12  0:00  Probe  
  13  0:12  Probe  
  14  0:17  Pylon  
  14  0:24  Probe (Chrono Boost)  
  15  0:36  Probe (Chrono Boost), Gateway  
  16  0:44  Probe (Chrono Boost)  
  16  0:46  Assimilator  
  17  0:51  Probe  
  18  1:03  Probe (Chrono Boost)  
  19  1:04  Assimilator  
  19  1:10  Gateway  
  19  1:14  Probe (Chrono Boost)  
  20  1:18  Probe (Chrono Boost)  
  20  1:23  Cybernetics Core  
  21  1:29  Probe  
  22  1:35  Pylon  
  22  1:41  Probe  
  23  1:53  Probe  
  24  2:00  Adept x2, Warp Gate  
  28  2:05  Probe  
  29  2:11  Pylon  
  29  2:18  Stargate  
  29  2:29  Adept  
  29  2:30  Adept  
  29  2:35  Probe  
  33  2:44  Pylon  
  33  2:48  Probe  
  32  3:00  Oracle (Chrono Boost)  
  32  3:05  Probe  
  36  3:21  Nexus  
  36  3:22  Probe  
  37  3:27  Oracle (Chrono Boost)  
  40  3:34  Shield Battery  
  40  3:36  Probe  
  39  3:48  Probe  
  39  3:51  Stalker x2  
  44  4:00  Probe  
  45  4:05  Robotics Facility  
  45  4:13  Probe  
  46  4:18  Pylon  
  46  4:25  Probe  
  47  4:37  Probe x2  
  45  4:42  Stalker  
  45  4:43  Sentry  
  49  4:49  Probe  
  49  4:51  Probe, Immortal (Chrono Boost)  
  52  4:58  Shield Battery  
  55  5:01  Probe  
  55  5:03  Probe  
  57  5:10  Twilight Council  
  57  5:13  Probe, Assimilator  
  58  5:15  Probe  
  59  5:22  Pylon, Observer (Chrono Boost)  
  59  5:25  Probe  
  59  5:27  Probe  
  62  5:30  Gateway  
  62  5:33  Assimilator  
  62  5:35  Pylon  
  62  5:37  Probe  
  62  5:39  Immortal (Chrono Boost)  
  67  5:46  Probe  
  68  5:56  Blink (Chrono Boost)  
  68  6:00  Pylon  
  68  6:06  Nexus  
  68  6:10  Stalker  
  70  6:11  Probe  
  70  6:12  Probe  
  72  6:20  Immortal (Chrono Boost)  
  76  6:28  Shield Battery  
  76  6:33  Stalker  
  76  6:37  Stalker x2  
  82  6:40  Probe  
  82  6:41  Probe  
  83  6:51  Forge  
  82  6:56  Probe  
  82  6:59  Probe, Pylon  
  81  7:11  Stalker  
  81  7:12  Warp Prism  
  85  7:21  Gateway  
  85  7:25  Probe x2  
  87  7:30  Stalker  
  87  7:31  Stalker  
  91  7:43  Nexus  
  91  7:44  Probe  
  91  7:46  Pylon, Stalker  
  94  7:57  Pylon  
  94  8:02  Forge  
  94  8:04  Probe  
  95  8:11  Probe  
  96  8:15  Stalker x3, Sentry  
  96  8:16  Probe  
  96  8:19  Pylon  
  105  8:23  Probe  
  106  8:40  Stalker x4  
  102  8:42  Probe  
Tags
 
Add a new tag
Caveats
  • Supply blocks, unpowered buildings, or Contaminate may cause inaccurate times.
  • Supply counts are checked every 10 seconds.